Cogmind - Beta 13 @@@ ROGUE MODE // 2024.06.21 @ 01:23:55 Player: Xintrosi Result: Destroyed by MS-WLD(R) with Subdweller Machine Gun Performance ------------- Evolutions (0) 0 Regions Visited (2) 400 Robots Destroyed (30) 150 Value Destroyed (466) 466 Prototype IDs (3) 60 Alien Tech Used (0) 0 Bonus (0) 0 TOTAL SCORE: 1076 Bonus ------- None Cogmind --------- Core Integrity 0/250 Matter 255/300 Energy 125/125 System Corruption 0% Temperature Cool (0) Movement Rolling (175) Ox5 Location -10/Subcaves Parts ------- > --- POWER (1) -------- Light Ion Engine > --- PROPULSION (2) --- Compact Wheel > --- UTILITY (2) ------ Huge Storage Unit > --- WEAPON (2) ------- Assault Rifle Light Assault Rifle > --- INVENTORY (25) --- Light Ion Engine Improved Heat Sink Medium Storage Unit Large Storage Unit Medium Matter Pod (100) Large Matter Pod (150) Visual Processing Unit Signal Interpreter Improved Terrain Scanner Seismic Detector Seismic Detector Power Shielding Power Shielding Propulsion Shielding Small Laser Small Laser Small Laser Hammer Hammer Hammer Peak State ------------ > --- POWER ------------ Ion Engine > --- PROPULSION ------- Light Treads Compact Wheel > --- UTILITY ---------- Large Storage Unit Improved Terrain Scanner > --- WEAPON ----------- Assault Rifle Light Assault Rifle > --- INVENTORY -------- Light Ion Engine Light Ion Engine Wheel Improved Heat Sink Small Storage Unit Medium Storage Unit Medium Matter Pod Large Matter Pod [Rating: 10] Favorites ----------- Power Ion Engine Engine Ion Engine Propulsion Wheel Treads Light Treads Wheel Wheel Utility Structural Scanner Device Structural Scanner Storage Large Storage Unit Weapon Assault Rifle Energy Gun Medium Laser Ballistic Gun Assault Rifle Impact Weapon Hammer Build | -11 -10 -10 ------- Run | Yrd Mat Sub Slots Evolved . | . . . Power . | . . . Propulsion . | . . . Utility . | . . . Weapon . | . . . Parts Attached 30 | 8 17 5 Power 6 | 2 3 1 Engine 6 | 2 3 1 Core . | . . . Reactor . | . . . Propulsion 7 | 2 4 1 Treads 2 | 2 . . Leg . | . . . Wheel 5 | . 4 1 Hover . | . . . Flight . | . . . Utility 6 | 2 4 . Device 2 | 1 1 . Storage 4 | 1 3 . Processor . | . . . Hackware . | . . . Protection . | . . . Artifact . | . . . Weapon 11 | 2 6 3 Energy Gun 1 | 1 . . Energy Cannon . | . . . Ballistic Gun 8 | 1 4 3 Ballistic Cannon . | . . . Launcher . | . . . Special Weapon . | . . . Impact Weapon 2 | . 2 . Slashing Weapon . | . . . Piercing Weapon . | . . . Special Melee Weapon . | . . . Unidentified Prototypes . | . . . Parts Lost 11 | . 5 6 Power 1 | . . 1 Propulsion 5 | . 3 2 Utility 1 | . . 1 Weapon 4 | . 2 2 Highest Loss Streak 6 | . 2 6 To Critical Strikes . | . . . Average Slot Usage (%) 98 | . 99 84 Engine 13 | . 14 12 Treads 8 | . 9 . Wheel 18 | . 18 21 Device 13 | . 14 8 Storage 14 | . 14 14 Energy Gun 3 | . 3 . Ballistic Gun 24 | . 24 26 Naked Turns . | . . . Heaviest Build 90 | 15 90 88 Greatest Support 40 | 40 40 20 Greatest Overweight (x) 8 | 1 8 5 Average Overweight (x) 1 | . 1 4 Largest Inventory Capacity 25 | 8 25 25 Average Capacity 16 | 7 17 25 Most Carried 24 | 5 24 24 Average Carried 13 | 1 13 23 Final Capacity 25 | 8 25 25 Final Carried 24 | 5 24 20 Class Distribution -------------------- 75% | Mutant 24% | Scavenger-Mutant Dominant Class ---------------- Mutant | -10/Materials Mutant | -10/Subcaves Resources | -11 -10 -10 ----------- Run | Yrd Mat Sub Matter Collected 1251 | 372 821 58 Remotely . | . . . Salvage Created 1007 | 133 874 . Parts 57 | 9 48 . Haulers Intercepted 2 | . 2 . Recyclers Shooed 4 | . 4 . Parts Field Recycled . | . . . Retrieved Matter . | . . . Parts Self-Destructed 6 | . . 6 Prevented . | . . . Kills | -11 -10 -10 ------- Run | Yrd Mat Sub Combat Hostiles Destroyed 15 | . 15 . Guns 15 | . 15 . Classes Destroyed 8 | 3 5 . Worker 5 | 2 3 . Builder 1 | . 1 . Tunneler 1 | 1 . . Hauler 2 | . 2 . Recycler 3 | 1 2 . Watcher 3 | . 3 . Swarmer 6 | . 6 . Grunt 9 | . 9 . Best Kill Streak 5 | 4 5 . Combat Bots Only 4 | . 4 . Max Kills in Single Turn 1 | 1 1 . Gunslinging . | . . . Exploded . | . . . Melee . | . . . Uniques/NPCs Destroyed . | . . . Combat | -11 -10 -10 -------- Run | Yrd Mat Sub Hostile Shots Fired 146 | . 120 26 Missed 39 | . 33 6 Damage Taken 1435 | . 975 460 Core 262 | . 114 148 Absorbed by Shields . | . . . Core Remaining (%) 100 | 100 . . Volleys Fired 114 | 8 94 12 Largest 2 | 2 2 2 Hottest 70 | 70 70 40 Shots Fired 227 | 16 188 23 Gun 227 | 16 188 23 Cannon . | . . . Launcher . | . . . Special . | . . . Kinetic 188 | 8 157 23 Thermal 39 | 8 31 . Explosive . | . . . Electromagnetic . | . . . Robot Hit Streak 12 | 4 9 12 Robot Miss Streak 4 | 3 4 2 Penetration Max . | . . . Secondary Targets 3 | . 3 . Max Gunslinging Chain 1 | . 1 . Shots Hit Robots 143 | 10 114 19 Core Hits 51 | 5 43 3 Critical Kills . | . . . Critical Parts Destroyed 1 | . 1 . Critical Strikes 3 | . 2 1 Burn 1 | . 1 . Destroy 2 | . 1 1 Melee Attacks 5 | . 5 . Impact 5 | . 5 . Slashing . | . . . Piercing . | . . . Sneak Attacks . | . . . Combat Hostiles . | . . . Follow-up Attacks . | . . . Damage Inflicted 1737 | 123 1413 201 Guns 1737 | 123 1413 201 Cannons . | . . . Explosions . | . . . Melee . | . . . Ramming . | . . . Kinetic 1473 | 59 1213 201 Thermal 264 | 64 200 . Explosive . | . . . Electromagnetic . | . . . Impact . | . . . Slashing . | . . . Piercing . | . . . Highest Corruption . | . . . Average Corruption . | . . . Corruption Purged . | . . . Corruption Blocked . | . . . Overload Shots . | . . . Overflow Damage . | . . . Projectiles . | . . . Explosions . | . . . Melee . | . . . Knockbacks . | . . . Impact . | . . . Kinetic . | . . . Secondary . | . . . Self-Inflicted Damage . | . . . Shots . | . . . Rammed . | . . . Targets Rammed . | . . . Kicked . | . . . Crushed . | . . . Highest Temperature 369 | 36 369 . Average Temperature 90 | 14 104 . Received Heat Transfer 528 | . 492 36 Effects 1 | . 1 . Matter Decay 1 | . 1 . Siege Activations . | . . . Robots Corrupted . | . . . Combat Hostiles . | . . . Parts Fried . | . . . Impact Corruptions . | . . . Robots Melted . | . . . Combat Hostiles . | . . . Parts Melted . | . . . Heat Transferred 851 | 185 666 . Parts Sabotaged . | . . . Parts Stolen . | . . . Parts Stripped . | . . . Power Chain Reactions . | . . . Alert | -11 -10 -10 ------- Run | Yrd Mat Sub Peak Influence 272 | 20 272 . Initial 13 | . 13 . Average 128 | 5 140 . Maximum Alert Level 1 | . 1 . Low Security (%) 73 | 100 71 . Level 1 26 | . 28 . Level 2 . | . . . Level 3 . | . . . Level 4 . | . . . Level 5 . | . . . High Security . | . . . Max Security . | . . . Squads Dispatched 4 | . 4 . Investigation 1 | . 1 . Extermination . | . . . Reinforcement 3 | . 3 . Assault . | . . . Garrison . | . . . Intercept . | . . . Searches Triggered . | . . . Construction Impeded . | . . . Haulers Reinforced . | . . . Active Scanning Responses . | . . . Cargo Convoy Interrupts . | . . . Stealth | -11 -10 -10 --------- Run | Yrd Mat Sub Distress Signals 3 | . 3 . Communications Jammed . | . . . Distress Signals . | . . . Times Spotted 31 | . 29 2 Peak Tracking Total 6 | . 6 2 Tactical Retreats 5 | . 5 . Traps | -11 -10 -10 ------- Run | Yrd Mat Sub Traps Triggered 1 | . 1 . Indirectly . | . . . Trap Hack Attempts . | . . . Triggered . | . . . Disarmed . | . . . Reprogrammed . | . . . Reused . | . . . Traps Extracted . | . . . Installed . | . . . Triggered . | . . . Machines | -11 -10 -10 ---------- Run | Yrd Mat Sub Machines Disabled . | . . . Max in Single Turn . | . . . Machines Repaired . | . . . Machines Dismantled . | . . . Machines Sabotaged . | . . . Overloaded Fab Kills . | . . . Hacking | -11 -10 -10 --------- Run | Yrd Mat Sub Machines Accessed 8 | . 8 . Terminals 6 | . 6 . Fabricators . | . . . Repair Stations . | . . . Recycling Units 2 | . 2 . Scanalyzers . | . . . Garrison Access . | . . . Total Hacks 23 | . 23 . Successful 9 | . 9 . Failed 14 | . 14 . Catastrophic 4 | . 4 . Database Lockouts . | . . . Manual 6 | . 6 . Terminals 18 | . 18 . Fabricators . | . . . Repair Stations . | . . . Recycling Units 5 | . 5 . Scanalyzers . | . . . Garrison Access . | . . . Terminal Hacks 4 | . 4 . Prototype ID Bank 1 | . 1 . Hauler Manifests 1 | . 1 . Registered Components 1 | . 1 . Registered Prototypes 1 | . 1 . Fabricator Hacks . | . . . Repair Station Hacks . | . . . Recycling Unit Hacks 2 | . 2 . Retrieve Components 2 | . 2 . Scanalyzer . | . . . Garrison Access Hacks . | . . . Unauthorized Hacks 3 | . 3 . Terminals 3 | . 3 . Botnet 3 | . 3 . Fabricators . | . . . Repair Stations . | . . . Recycling Units . | . . . Scanalyzers . | . . . Garrison Access . | . . . Data Cores Recovered . | . . . Used . | . . . Hacking Detections 8 | . 8 . Full Trace Events . | . . . Feedback Events . | . . . Feedback Blocked . | . . . Robot Schematics Acquired . | . . . Robots Built . | . . . Authchips . | . . . Time . | . . . Total Robot Build Rating . | . . . Part Schematics Acquired . | . . . Parts Built . | . . . Authchips . | . . . Time . | . . . Total Part Build Rating . | . . . Parts Repaired . | . . . Time . | . . . Parts Recycled . | . . . Recycled Matter . | . . . Retrieved Matter . | . . . Retrieved Components 17 | . 17 . Parts Scanalyzed . | . . . Part Schematics Acquired . | . . . Parts Damaged . | . . . Bothacking | -11 -10 -10 ------------ Run | Yrd Mat Sub Used RIF Installer . | . . . Robots Hacked . | . . . Non-combat . | . . . Combat . | . . . Robot Hacks Applied . | . . . Relay Couplers Released . | . . . Fabnet Peak Effective % . | . . . Robots Rewired . | . . . Allies Hacked . | . . . Hacks Repelled . | . . . Allies | -11 -10 -10 -------- Run | Yrd Mat Sub Total Allies . | . . . Largest Group . | . . . Highest-Rated Group . | . . . Highest-Rated Ally . | . . . Total Orders . | . . . Ally Attacks . | . . . Total Damage . | . . . Kills . | . . . Allies Corrupted . | . . . Allies Melted . | . . . Intel | -11 -10 -10 ------- Run | Yrd Mat Sub Robot Analysis Total . | . . . Derelict Logs Recovered . | . . . Drone Launches . | . . . Drone Recoveries . | . . . Exploration | -11 -10 -10 ------------- Run | Yrd Mat Sub Turns Passed 1528 | 125 1294 109 Spaces Moved 822 | 54 721 47 Core 6 | 6 . . Treads 157 | 48 109 . Legs . | . . . Wheels 659 | . 612 47 Hover . | . . . Flight . | . . . Fastest Speed 50 | 50 95 140 Average Speed 126 | 152 124 142 Slowest Speed 200 | 160 200 175 Overloaded Moves . | . . . Propulsion Burnouts . | . . . Robots Hopped . | . . . Cave-ins Triggered . | . . . Exploration Rate (%) 34 | 4 95 5 Regions Visited 2 Branch Regions 1 Pre-discovered Areas . | . . . Known Exits Taken . | . . . Unknown Exits Taken 2 | 1 1 . Scrap Searched . | . . . Spaces Dug 1 | . 1 . Terrain Destroyed 1 | . 1 . Melee 1 | . 1 . Projectile . | . . . AOE . | . . . Terrain Rammed . | . . . Walls Destroyed . | . . . Machines Disabled . | . . . Actions | -11 -10 -10 --------- Run | Yrd Mat Sub Total 1067 | 77 924 66 Wait 61 | 4 55 2 Move 820 | 53 720 47 Hop . | . . . Pick Up 29 | 4 25 . Fast Attach 8 | 7 1 . Attach 8 | . 4 4 Detach . | . . . Swap 14 | 1 12 1 Drop 8 | . 8 . Fire 114 | 8 94 12 Melee 5 | . 5 . Ram . | . . . Kick . | . . . Crush . | . . . Escape Stasis . | . . . Rewire . | . . . Trap . | . . . Miscellaneous . | . . . Route ------- -11/Scrapyard -10/Materials (discovered 6 exits: [*Mat x3] / [*Min x2] / [*Sub]) -10/Subcaves History --------- Turn | Location | Event 10 | -11/Scrapyard | Discovered new exit (range 14) 126 | -11/Scrapyard | Entered Materials 186 | -10/Materials | Discovered new exit (range 13) 310 | -10/Materials | Build established: Mutant 430 | -10/Materials | Discovered new exit (range 11) 598 | -10/Materials | Discovered new exit (range 7) 968 | -10/Materials | Discovered new exit (range 9) 989 | -10/Materials | Build established: Scavenger-Mutant 1161 | -10/Materials | Discovered new exit (range 11) 1359 | -10/Materials | Build established: Mutant 1401 | -10/Materials | Discovered new exit (range 8) 1420 | -10/Materials | Entered Subcaves 1482 | -10/Subcaves | Ambushed by Subdwellers from Twisted Machinery 1492 | -10/Subcaves | Core integrity fell below 50% 1502 | -10/Subcaves | Core integrity fell below 20% 1529 | -10/Subcaves | Destroyed by MS-WLD(R) with Subdweller Machine Gun Last Messages --------------- No registered prototype stockpiles. 01350_ Acquired 20 matter. 01401_ EXIT=FOUND 01416_ T-07 Excavator is excavating. LOCATION=UNKNOWN AMBIENT_HEAT=-10 GOAL=ESCAPE 01423_ Acquired 13 matter. 01426_ Acquired 8 matter. 01430_ Acquired 5 matter. 01482_ UK-AYW(R) emerges from the Twisted Machinery. 01483_ Wheel destroyed. 01485_ Structural Scanner destroyed. 01487_ Wheel destroyed. 01487_ Lgt. Ion Engine destroyed. 01488_ UK-AYW(R) suffers critical hit (Destroy). 01489_ UK-AYW(R) destroyed. 01496_ Subatomizers dissect the Sub. Beam Cannon. 01496_ Acquired 32 matter. 01509_ Assault Rifle destroyed. Map ----- +----------------------------------------------------+ | ?????????????????????????????????????????????????? | | ?????????????????????????????????????????????????? | | ?????????????????????????????????????????????????? | | ?????????????????????????????????????????????????? | | ?????????????????????????????????????????????????? | | ?????????????????????????????????????????????????? | | ?????????????????????????????????????????????????? | | ?????????????????????????????????????????????????? | | ?????????????????????????????????????????????????? | | ?????????????????????????????????????????????????? | | ?????????????????????????????????????????????????? | | ?????????????????????????????????????????????????? | | ?????????????????????????????????????????????????? | | ?????????????????????????????????????????????????? | | ?????????????????????????????????????????????????? | | ?????????????????????????????????????????????????? | | ?????????????????????????????????????????????????? | | ?????????????????????????????????????????????????? | | ?????????????????????????????????????????????????? | | ?????????????????#???????????????????????????????? | | ?????????????????# ??????????????????????????????? | | ????????????????## ???? # #?????????????????????? | | ???????????????## ########?????????????????????? | | ???????????????# #### ##?????????????????????? | | ???????????????# ##?????????????????????? | | ????????????# @##?????????????????????? | | ?????????????????# # R###??? ###?????????????? | | ????????????????????###]! ## ####????????????? | | ????????????????????###%" ### ###????????????? | | ????????????????????##=!""# ## ##????????????? | | ???????????????????? ## ""### ##????????????? | | ????????????????????### "#### "#????????????? | | ?????????????????????#### "### """"" ?????????? | | ?????????????????????##### ###"""""""""" ????????? | | ???????????????????????## "" "###"""""##???????? | | ???????????????????????###"" " ###""""########??? | | ???????????????????????####"" " ##"""""#######??? | | ????????????????????????###""" """""""" ##??? | | ?????????????????????????###" "" ###??? | | ?????????????????????????#### ##### ###??? | | ??????????????????????????################ ##??? | | ???????????????????????????##########?## ##??? | | ??????????????????????????????????????## ###??? | | ?????????????????????????????????????### ####??? | | ?????????????????????????????????????### ###???? | | ?????????????????????????????????????## ##????? | | ?????????????????????????????????????## ##????? | | ????????????????????????????????????### %###???? | | ????????????????????????????????????### ####??? | | ????????????????????????????????????## ###??? | +----------------------------------------------------+ Best States ------------- Heat Dissipation 25 Energy Generation 10 Energy Capacity 250 Matter Stores 300 Matter Capacity 300 Sight Range 16 Terrain Scan Range 16 Terrain Scan Density 10 Evasion (%) 41 Recoil Reduction 2 Item Schematics ----------------- None Robot Schematics ------------------ None Fabricated ------------ Nothing Alien Tech Used ----------------- None Achievements -------------- None Challenges ------------ None Game ------ Seed TransportDecoyShockpuncher Manual? 0 Play Time 00:24:31 Cumulative 34.8 hours Start 2024.06.21 @ 01:01:08 End 2024.06.21 @ 01:23:55 Sessions 1 Manual Loads 0 Difficulty Rogue Special Mode None Game No. 17 Rogue 17 Adventurer 0 Explorer 0 Win Type - Total 0 Types 0/0/0/0/0/0/0/0/0 Lore% 24 Gallery% 28 Achievement% 24 Wizard Run 0 Options --------- Layout 0 ASCII 0 Keyboard 1 Movement Numpad Keybinds 0 Fullscreen 2 Font 18/SmallcapsGlow Map View 76x50 Zoom Use 0% Tactical HUD 1 Map Filters NONE Filters NONE Steam 1 RUN: 1f81340a-17f8-46a2-9881-dc40f7fff122